 Dungeon Crawl Stone Soup version 0.31-a0-996-g3b49de5836 (webtiles) character file.

Game seed: 14714125167503875457

14067 Revguard the Fighter (level 11, 0/92 HPs)
             Began as a Demonspawn Berserker on Nov 7, 2023.
             Was an Elder of Trog.
             Killed from afar by a swamp worm (8 damage)
             ... with a harpoon shot
             ... on level 11 of the Dungeon.
             The game lasted 00:26:56 (12044 turns).

Revguard the Fighter (Demonspawn Berserker)        Turns: 12044, Time: 00:26:57

Health: 0/92       AC: 15    Str: 22    XL:     11   Next: 83%
Magic:  11/11      EV: 14    Int:  8    God:    Trog [****..]
Gold:   638        SH:  0    Dex: 13    Spells: 10/10 levels left

rFire   . . .        t - +6 war axe (flame)
rCold   . . .        (no shield)
rNeg    . . .        w - +3 ring mail
rPois   +            (no helmet)
rElec   .            a - +0 cloak
rCorr   .            (no gloves)
SInv    .            l - +0 pair of boots
Will    ++...        (no amulet)
Stlth   +            (no ring)
HPRegen 1.35/turn    F - ring of poison resistance
MPRegen 0.12/turn

%: no passive effects
@: mighty, lethally poisoned (0 -> -3), strong-willed, regenerating, slowed,
very slow
A: yellow scales 2, powered by pain 3, spiny 1, augmentation 1, demonic touch 1
a: Renounce Religion, Berserk, Trog's Hand, Brothers in Arms


You were on level 11 of the Dungeon.
You worshipped Trog.
Trog was greatly pleased with you.
You visited 1 branch of the dungeon, and saw 11 of its levels.
You also visited: Sewer and Ice Cave.

You collected 813 gold pieces.
You spent 175 gold pieces at shops.

Inventory:

Hand Weapons
 k - a +0 war axe of draining
 t - a +6 war axe of flaming (weapon)
Armour
 a - a +0 cloak (worn)
 l - a +0 pair of boots (worn)
 w - a +3 ring mail (worn)
Jewellery
 b - a ring of fire
 s - a ring of ice
 x - a ring of fire
 E - a ring of ice
 F - a ring of poison resistance (right hand)
Wands
 d - a wand of polymorph (5)
 r - a wand of mindburst (14)
 y - a wand of flame (9)
 z - a wand of roots (7)
 B - a wand of charming (6)
Scrolls
 c - 2 scrolls of brand weapon
 e - 2 scrolls of amnesia
 g - 4 scrolls of fear
 i - 2 scrolls of immolation
 j - 2 scrolls of teleportation
 m - 4 scrolls of noise
 p - 5 scrolls of identify
 q - 5 scrolls of poison
 v - 2 scrolls of torment
 I - 2 scrolls of revelation
Potions
 f - 3 potions of berserk rage
 h - a potion of curing
 n - a potion of resistance
 o - a potion of ambrosia
 u - a potion of lignification
 A - 2 potions of invisibility
 C - a potion of haste
 D - a potion of magic
 H - a potion of heal wounds
Miscellaneous
 G - a condenser vane


   Skills:
 * Level 10.8 Fighting
 * Level 9.9 Axes
 + Level 7.1 Armour
 + Level 7.1 Dodging
 + Level 7.1 Evocations


You had 10 spell levels left.
You didn't know any spells.
Your spell library was empty.

Dungeon Overview and Level Annotations

Branches:
Dungeon (11/15)            Temple (0/1) D:6            Lair (0/5) D:8
    Orc (0/2) D:10          Sewer (visited)           IceCv (visited)

Altars:
Dithmenos
Gozag
Hepliaklqana
Kikubaaqudgha
Nemelex Xobeh
Trog
Yredelemnul

Shops:
D:2 **([:   D:3 (   D:6 *   D:7 !

Annotations:
D:11 1 transporter


Innate Abilities, Weirdness & Mutations

You are mostly covered in yellow scales. (AC +3)
You are powered by pain.
You are partially covered in sharp spines.
Your magical and physical power is slightly enhanced at high health.
Your touch may inflict minor irresistible damage on your foes.


Message History

You collide with the briar patch!
The briar patch is lightly damaged.
Okay, then.
Blink to where?
Press: ? - help, Dir - move target
As you read the scroll of blinking, it crumbles to dust.
You are engulfed in dark miasma.
You are poisoned.
You feel yourself slow down.
You feel very sick.
The swamp worm fires a harpoon shot at you.
The harpoon shot misses you.
The swamp worm fires a harpoon shot at you.
The harpoon shot misses you.
You open the door.
You are engulfed in dark miasma.
You are more poisoned.
You feel extremely sick.
Found a scale mail, a scroll of identify and a spiked helmet.
You feel extremely sick.
The swamp worm fires a harpoon shot at you.
The harpoon shot misses you.
The swamp worm fires a harpoon shot at you.
The harpoon shot hits you but does no damage.
The swamp worm fires a harpoon shot at you.
The harpoon shot hits you!
You are yanked forward by the harpoon shot.
You collide with the briar patch!
The briar patch is severely damaged.
The swamp worm fires a harpoon shot at you.
The harpoon shot hits you!
You are yanked forward by the harpoon shot.
You collide with the briar patch!
The briar patch is severely damaged.
* * * LOW HITPOINT WARNING * * *
You focus on the pain.
You feel very mighty all of a sudden.
You feel very sick.
The swamp worm fires a harpoon shot at you.
The harpoon shot hits you!
You die...

.........#..###P©P###..#.........
.........#..#♣≈P^P§##..#.........
.........#..##≈P^P≈w#..#.........
.........#..#w≈P^P≈##..#....#####
.........#..###○^P≈♣#..#....#
.........#..#♣§P^§###.......#
.........#..##≈P^P≈w#.......#
.........#..#w§P§P≈##.......#####
.........#..####@####............
.:.....(.#....#![?#....#####.....
.........###..#=©[#....#...#.....
..............#####.####...#.....
................©..........#.....
.............#....#........+.....
.............#....#........#...).
.............#....########'##'##.
...###########........##...##..#.


You could see 4 swamp worms.

Vanquished Creatures
  A reaper (IceCv)
  3 two-headed ogres
  A boulder beetle (D:11)
  An ugly thing (IceCv)
  A cyclops (D:11)
  Joseph (D:7)
  An ice statue (IceCv)
  A rime drake (D:8)
  An ice devil (IceCv)
  A troll (D:10)
  Grinder (D:4)
  Sigmund (D:4)
  A shadow (D:9)
  A wyvern (D:8)
  12 yaks
  2 vampire mosquitoes (D:11)
  3 death yak simulacra (IceCv)
  A hydra simulacrum (IceCv)
  Menkaure (D:4)
  A water moccasin (Sewer)
  8 orc warriors
  2 black bears
  An ice beast (D:8)
  3 ogres
  A wolf (D:8)
  3 centaurs
  A phantom (D:7)
  3 kobold brigands
  A bullfrog (D:7)
  2 wyvern zombies (D:6)
  A cane toad simulacrum (IceCv)
  A scorpion (D:5)
  9 wights
  8 two-headed ogre simulacra (IceCv)
  3 killer bees (D:8)
  2 elephant simulacra (IceCv)
  3 howler monkeys
  5 electric eels
  5 bullfrog zombies (D:6)
  A centaur zombie (D:6)
  A gnoll bouda (D:8)
  4 hounds
  A human zombie (D:6)
  5 orc priests
  A jelly (D:8)
  Ijyb (D:4)
  5 iguanas
  12 orc wizards
  2 polar bear simulacra (IceCv)
  5 troll simulacra (IceCv)
  2 spriggan simulacra (IceCv)
  A killer bee zombie (D:6)
  2 wolf simulacra (IceCv)
  A mummy (D:6)
  8 gnolls
  4 naga simulacra (IceCv)
  2 adders (D:4)
  6 white imps
  9 ufetubi
  2 worms
  3 dart slugs
  25 orcs
  9 ball pythons
  10 bats
  9 endoplasms
  5 giant cockroaches
  3 goblins
  4 hobgoblins
  15 jackals (D:1)
  11 quokkas
  2 frilled lizards
  19 kobolds
  6 rats
294 creatures vanquished.

Vanquished Creatures (collateral kills)
  An ice devil (IceCv)
  A two-headed ogre simulacrum (IceCv)
2 creatures vanquished.

Grand Total: 296 creatures vanquished

Notes
Turn   | Place    | Note
-------+----------+-------------------------------------------
     0 | D:1      | Revguard the Demonspawn Berserker began the quest for the
                  | Orb.
     0 | D:1      | Reached XP level 1. HP: 18/18 MP: 1/1
   104 | D:1      | Gained mutation: You are partially covered in yellow
                  | scales. (AC +2) [demonic ancestry]
   104 | D:1      | Reached XP level 2. HP: 19/24 MP: 2/2
   317 | D:1      | Reached ** piety under Trog
   320 | D:1      | Gained mutation: You sometimes gain a little power by
                  | taking damage. [demonic ancestry]
   320 | D:1      | Reached XP level 3. HP: 18/29 MP: 3/3
  1051 | D:2      | Found Wonuap's General Store.
  1051 | D:2      | Found a bloodstained altar of Trog.
  1169 | D:2      | Found Beim's Antique Weapon Emporium.
  1479 | D:2      | Reached skill level 1 in Evocations
  1675 | D:2      | Found Ylosen's Book Shop.
  1792 | D:2      | Found Jumem's General Store.
  1816 | D:2      | Found Wyiphiva's Antique Armour Shoppe.
  2019 | D:3      | Found Durisox's Antique Weapon Boutique.
  2125 | D:3      | Gained mutation: You are mostly covered in yellow scales.
                  | (AC +3) [demonic ancestry]
  2125 | D:3      | Reached XP level 4. HP: 35/35 MP: 4/4
  2614 | D:4      | Noticed Sigmund
  2657 | D:4      | Killed Sigmund
  2658 | D:4      | Reached skill level 4 in Fighting
  2658 | D:4      | Gained mutation: You sometimes gain power by taking damage.
                  | [demonic ancestry]
  2658 | D:4      | Reached XP level 5. HP: 42/42 MP: 5/5
  2852 | D:4      | Gained mutation: Your touch may inflict minor irresistible
                  | damage on your foes. [demonic ancestry]
  2852 | D:4      | Reached XP level 6. HP: 48/48 MP: 6/6
  2876 | D:4      | Found a glowing drain.
  2880 | Sewer    | Entered a sewer
  2906 | Sewer    | Noticed a water moccasin
  2923 | Sewer    | Killed a water moccasin
  3525 | D:4      | Noticed Ijyb
  3533 | D:4      | Killed Ijyb
  3740 | D:4      | Reached *** piety under Trog
  3745 | D:4      | Noticed Menkaure
  3753 | D:4      | Killed Menkaure
  3754 | D:4      | Reached skill level 5 in Fighting
  3754 | D:4      | Gained mutation: You are partially covered in sharp spines.
                  | [demonic ancestry]
  3754 | D:4      | Reached XP level 7. HP: 56/56 MP: 7/7
  3916 | D:4      | Noticed Grinder
  3925 | D:4      | Killed Grinder
  3926 | D:4      | Reached skill level 5 in Axes
  4195 | D:3      | Bought a glowing war axe for 175 gold pieces
  4267 | D:5      | Entered Level 5 of the Dungeon
  4646 | D:5      | Gained mutation: You are powered by pain. [demonic
                  | ancestry]
  4646 | D:5      | Reached XP level 8. HP: 48/64 MP: 8/8
  5040 | D:6      | Identified the "Mirph"
  5204 | D:6      | Reached skill level 6 in Fighting
  5243 | D:6      | Found a staircase to the Ecumenical Temple.
  5479 | D:6      | Found Gozag's Platinum Reserve.
  5479 | D:6      | Found an opulent altar of Gozag.
  5758 | D:6      | Found an ancient bone altar of Kikubaaqudgha.
  5887 | D:7      | Gained mutation: Your magical and physical power is
                  | slightly enhanced at high health. [demonic ancestry]
  5887 | D:7      | Reached XP level 9. HP: 38/71 MP: 9/9
  6012 | D:7      | Found Hopn's Distillery.
  6027 | D:7      | Found a basalt altar of Yredelemnul.
  6142 | D:7      | Reached skill level 7 in Fighting
  6211 | D:7      | Found a sparkling altar of Nemelex Xobeh.
  6783 | D:7      | Noticed Joseph
  6796 | D:7      | Killed Joseph
  6978 | D:8      | Noticed a rime drake
  6985 | D:8      | Killed a rime drake
  6986 | D:8      | Reached skill level 5 in Armour
  6986 | D:8      | Reached skill level 5 in Dodging
  7047 | D:8      | Found a staircase to the Lair.
  7088 | D:8      | Noticed a two-headed ogre
  7097 | D:8      | Killed a two-headed ogre
  7098 | D:8      | Reached skill level 8 in Fighting
  7098 | D:8      | Reached skill level 5 in Evocations
  7122 | D:8      | Reached XP level 10. HP: 65/80 MP: 10/10
  7338 | D:8      | Reached **** piety under Trog
  7686 | D:8      | Noticed a two-headed ogre
  7693 | D:8      | Killed a two-headed ogre
  8145 | D:9      | Found a hazy altar of Hepliaklqana.
  8235 | D:9      | Found a bloodstained altar of Trog.
  8392 | D:9      | Reached skill level 9 in Fighting
  8635 | D:9      | Found a shadowy altar of Dithmenos.
  8749 | D:10     | Entered Level 10 of the Dungeon
  9381 | D:10     | Reached ***** piety under Trog
  9409 | D:10     | Found a staircase to the Orcish Mines.
  9489 | D:11     | Reached XP level 11. HP: 39/89 MP: 11/11
  9654 | D:11     | Received a gift from Trog
  9708 | D:11     | Found a frozen archway.
  9717 | IceCv    | Entered an ice cave
 10300 | IceCv    | Noticed a white ugly thing
 10305 | IceCv    | Killed a white ugly thing
 10306 | IceCv    | Reached skill level 10 in Fighting
 10352 | IceCv    | Noticed a reaper
 10367 | IceCv    | Killed a reaper
 10380 | IceCv    | HP: 6/136 [elephant simulacrum (9)]
 11026 | D:11     | Noticed a two-headed ogre
 11032 | D:11     | Killed a two-headed ogre
 11192 | D:11     | Found a transporter.
 11236 | D:11     | Found a transporter.
 11563 | D:11     | Noticed a boulder beetle
 11572 | D:11     | Killed a boulder beetle
 12044 | D:11     | Killed from afar by a swamp worm

Illustrated notes

Levels and vault maps discovered:
D:1:      lightli_arrival_flooded_house, layout_basic
D:2:      layout_loops_corners, serial_shops, nicolae_shop_behind_doors,
          shop_coins, shop_statue, shop, nicolae_shop_crystal, basic_altar,
          palyth_stone_intersect
D:3:      layout_basic, serial_shops, nicolae_shop_advertising_works
          [nicolae_subvault_shop_adworks]
D:4:      layout_gridville, gup_sewer_entry_spiral, uniq_menkaure, uniq_sigmund,
          uniq_ijyb, uniq_grinder
D:5:      layout_basic, serial_aquarium, aquarium_bridge_long_joined
          [aquarium_subvault_bridge, aquarium_subvault_bridge,
          aquarium_subvault_bridge, aquarium_subvault_bridge,
          aquarium_subvault_bridge, aquarium_subvault_wall],
          aquarium_bridge_square [aquarium_subvault_bridge,
          aquarium_subvault_wall, aquarium_subvault_bridge,
          aquarium_subvault_bridge], aquarium_window_corner, aquarium_window_2,
          aquarium_window_1, aquarium_window_1, aquarium_view_2b,
          aquarium_view_2g, aquarium_balcony_double_1
D:6:      layout_loops_ring, lemuel_mausoleum_altar_kikubaaqudgha,
          nicolae_gozag_zags_fifth_avenue, minmay_temple_entry_grid
D:7:      layout_basic, mainiacjoe_overflow_alcove_2, kennysheep_little_box,
          serial_shops, shop, serial_library_hellmonk_u_bend,
          kennysheep_generic_room_15, uniq_joseph
D:8:      layout_rooms, hellmonk_lair_entry_icy, chequers_big_river
D:9:      layout_long_grid, trog_three_pillars_becter,
          mainiacjoe_overflow_catwalk, grunt_dithmenos_shadows,
          nrook_mini_vaults
D:10:     layout_grid_maze, erik_orc_2
D:11:     gammafunk_worm_tunnel, layout_gridville,
          portal_ice_cave_entry_pillars_2

Skill      XL: |  1  2  3  4  5  6  7  8  9 10 11 |
---------------+----------------------------------+-----
Armour         | 2 3 4 5 6 7 |  7.1
Dodging        | 2 3 4 5 6 7 |  7.1
Axes           | 3 4 5 6 7 8 9 |  9.9
Evocations     | 1 2 3 4 5 6 7 |  7.1
Fighting       | 4 5 6 8 9 10 | 10.8

Action                     |  1- 3 |  4- 6 |  7- 9 | 10-12 || total
---------------------------+-------+-------+-------+-------++-------
  Melee: Hand axe          |   127 |       |       |       ||   127
         Punch             |     3 |       |       |     3 ||     6
         War axe           |    38 |   120 |   125 |   213 ||   496
         Touch             |       |     4 |    22 |    47 ||    73
 Invoke: Berserk           |       |     3 |     4 |     3 ||    10
         Trog's Hand       |       |     3 |     3 |     4 ||    10
         Brothers in Arms  |       |       |       |     1 ||     1
  Evoke: Wand              |       |       |       |    15 ||    15
    Use: Potion            |       |     7 |     1 |     4 ||    12
         Scroll            |       |     5 |     3 |     7 ||    15
   Stab: Sleeping          |     1 |       |       |       ||     1
 Armour: Animal skin       |    72 |       |       |       ||    72
         Ring mail         |    62 |    64 |    71 |   209 ||   406
         Skin              |       |    16 |       |    11 ||    27
         Chain mail        |       |    25 |    55 |       ||    80
  Dodge: Dodged            |   162 |    78 |    77 |   162 ||   479

Table legend: (Time is in decaauts)
 A = Elapsed time spent in this place.
 B = Non-inter-level travel time spent in this place.
 C = Inter-level travel time spent in this place.
 D = Time resting spent in this place.
 E = Time spent auto-exploring this place.
 F = Levels seen in this place.
 G = Mean time per level.
                   A        B        C        D        E       F      G
               +--------+--------+--------+--------+--------+-----+--------+
         Total |  12304 |  11640 |    664 |    792 |   8678 |  13 |  946.5 |
       Dungeon |  10746 |  10082 |    664 |    300 |   7917 |  11 |  976.9 |
         Sewer |    231 |    231 |      0 |    122 |     29 |   1 |  231.0 |
      Ice Cave |   1326 |   1326 |      0 |    370 |    732 |   1 | 1326.0 |
               +--------+--------+--------+--------+--------+-----+--------+

Top non-repeatable levels by time:
     D:4: 1401 daAuts
   IceCv: 1326 daAuts
    D:11: 1274 daAuts
     D:7: 1116 daAuts
     D:8: 1114 daAuts
     D:9: 1005 daAuts
     D:2: 998 daAuts
     D:1: 986 daAuts
     D:6: 832 daAuts
     D:3: 802 daAuts
     D:5: 778 daAuts
    D:10: 435 daAuts
   Sewer: 231 daAuts
